Map: Golden Wall LE

Players

KAMELLOT - Winner!

  • Race: Zerg Zerg
  • League: Platinum
  • Spawn Location: 5:00

CrushHour

  • Race: Terran Terran
  • League: Platinum
  • Spawn Location: 7:00

VOD

Have the link to the VOD?

Description

Time

  • Played on: July 12, 2020, 4:57 a.m.
  • Length: 31:15
Show
View Real Time Build Order
Export as new Build Order

KAMELLOT Zerg - Winner!

Build Orders: Pool First 

Get SALT Encoding   

  12  0:01  Drone  
  13  0:09  Drone  
  14  0:22  Extractor  
  14  0:23  Extractor  
  14  0:24  Drone x2  
  16  0:37  Spawning Pool  
  15  0:45  Overlord  
  15  1:12  Extractor  
  15  1:14  Drone x2  
  15  1:15  Drone  
  17  1:26  Hatchery  
  18  1:40  Hatchery  
  17  1:49  Hatchery  
  17  1:52  Drone  
  17  1:55  Drone  
  17  2:00  Drone  
  19  2:09  Queen  
  22  2:18  Extractor  
  21  2:24  Roach Warren  
  21  2:26  Spine Crawler  
  19  2:31  Overlord, Extractor  
  19  2:34  Drone  
  19  2:35  Drone  
  21  2:49  Hatchery  
  20  2:59  Drone x2  
  22  3:11  Queen  
  24  3:15  Roach x2  
  24  3:17  Drone  
  29  3:28  Drone x2  
  29  3:29  Drone  
  29  3:31  Extractor  
  28  4:01  Roach x3  
  28  4:02  Roach x2  
  34  4:16  Drone x2  
  36  4:19  Overlord x2  
  34  4:36  Roach  
  34  4:37  Roach x2  
  36  4:47  Hatchery  
  35  5:03  Spore Crawler  
  35  5:04  Roach x2  
  32  5:44  Hatchery  
  32  5:46  Drone x2  
  29  5:51  Lair  
  29  5:55  Spine Crawler  
  28  6:01  Roach  
  28  6:02  Roach  
  32  6:19  Drone  
  31  6:33  Ravager  
  31  6:38  Spine Crawler  
  31  6:46  Roach  
  30  6:47  Roach x3  
  30  6:48  Drone x3  
  30  6:49  Queen  
  41  6:58  Drone  
  40  7:13  Drone x3  
  41  7:19  Spire  
  41  7:21  Drone  
  41  7:31  Drone x3  
  44  7:43  Drone x6  
  50  7:47  Ravager x4  
  50  7:50  Extractor  
  53  7:51  Drone  
  53  7:58  Spore Crawler  
  53  8:05  Spore Crawler  
  52  8:08  Spore Crawler  
  51  8:13  Drone x3  
  51  8:14  Drone x3  
  51  8:15  Drone  
  58  8:32  Overlord x3  
  58  8:42  Overlord x2  
  58  8:46  Hatchery  
  57  8:52  Roach x2  
  57  8:55  Drone x3  
  64  9:15  Corruptor x3  
  64  9:16  Corruptor  
  72  9:19  Drone x3  
  75  9:24  Overlord  
  75  9:27  Drone x3  
  78  9:31  Extractor  
  78  9:35  Spore Crawler  
  78  9:36  Extractor  
  75  9:39  Spine Crawler  
  75  9:45  Drone x3  
  75  10:14  Drone x3  
  75  10:15  Drone x3  
  81  10:27  Extractor  
  80  10:30  Nydus Network  
  80  10:34  Drone x2  
  81  10:36  Drone x2  
  74  10:43  Overseer  
  74  10:56  Drone x2  
  76  11:08  Infestation Pit  
  75  11:12  Hydralisk Den  
  75  11:15  Spore Crawler  
  75  11:16  Spore Crawler x2  
  75  11:18  Spore Crawler  
  70  11:20  Overlord  
  70  11:21  Spore Crawler  
  70  11:22  Spore Crawler  
  68  11:41  Overseer  
  68  11:48  Drone x3  
  71  12:02  Drone  
  71  12:03  Drone x3  
  71  12:06  Drone  
  76  12:08  Hive  
  69  12:37  Mutalisk  
  69  12:38  Mutalisk x17  
  69  12:43  Zerg Flyer Weapons Level 1  
  105  12:47  Spire  
  105  12:49  Drone x3  
  107  12:52  Extractor  
  107  12:54  Drone x2  
  107  12:56  Extractor  
  107  13:01  Drone x5  
  112  13:07  Overlord  
  112  13:16  Nydus Canal  
  112  13:28  Overseer  
  112  13:46  Viper x2  
  114  13:55  Nydus Canal  
  114  14:02  Nydus Network  
  113  14:06  Greater Spire  
  113  14:09  Nydus Network  
  110  14:19  Overlord x3  
  110  14:20  Overlord x2  
  110  14:26  Spine Crawler  
  110  14:27  Spine Crawler  
  110  14:28  Spine Crawler x2  
  110  14:29  Spine Crawler  
  105  14:35  Spine Crawler  
  105  14:36  Spine Crawler, Drone  
  105  14:37  Spine Crawler, Drone x2  
  105  14:38  Spine Crawler, Drone x2  
  87  15:30  Zergling x24  
  95  15:41  Roach  
  91  15:53  Baneling Nest  
  91  15:56  Corruptor x5  
  100  16:03  Burrow  
  99  16:27  Brood Lord x3  
  99  16:32  Brood Lord x5  
  113  16:39  Baneling x9  
  105  16:55  Drone  
  105  16:56  Drone x2  
  102  17:25  Hatchery  
  82  17:43  Mutalisk x4  
  82  17:44  Mutalisk x4  
  92  18:06  Hatchery  
  92  18:10  Hatchery  
  92  18:11  Extractor x2  
  88  18:17  Hatchery  
  75  18:27  Swarm Host  
  75  18:28  Swarm Host x4  
  93  18:37  Spore Crawler x2  
  93  18:39  Spore Crawler  
  76  19:08  Hydralisk x5  
  76  19:09  Hydralisk  
  88  19:15  Spine Crawler  
  87  19:17  Spore Crawler  
  86  19:26  Drone  
  86  19:27  Drone x2  
  89  19:46  Drone  
  89  19:47  Drone x7  
  97  20:03  Nydus Canal  
  97  20:13  Drone x2  
  99  20:17  Drone x3, Extractor  
  99  20:19  Drone x3  
  99  20:21  Drone x6  
  103  20:52  Spine Crawler x2  
  103  20:53  Spine Crawler, Drone x3  
  103  20:58  Drone x7  
  103  21:02  Drone x5  
  115  21:13  Nydus Canal  
  115  21:14  Corruptor x2  
  119  21:19  Drone x3  
  119  22:06  Corruptor x7  
  132  22:14  Brood Lord x2  
  135  22:18  Nydus Canal  
  134  22:24  Spore Crawler  
  134  22:26  Spore Crawler x3  
  134  22:27  Spore Crawler  
  129  22:30  Spine Crawler  
  129  22:32  Drone x3  
  129  22:33  Spine Crawler, Drone  
  130  22:59  Swarm Host x5  
  130  23:00  Hatchery, Swarm Host  
  130  23:05  Hatchery  
  149  23:10  Zerg Flyer Armor Level 1, Spore Crawler  
  149  23:11  Spore Crawler  
  149  23:12  Spore Crawler x2  
  146  23:14  Zerg Flyer Weapons Level 2  
  145  23:21  Nydus Canal  
  145  23:43  Nydus Canal  
  145  24:04  Nydus Canal  
  145  24:06  Extractor  
  144  24:11  Extractor  
  142  24:26  Nydus Canal  
  118  25:01  Zergling x2  
  118  25:02  Zergling x22  
  118  25:05  Centrifical Hooks  
  128  25:19  Drone x2, Extractor  
  128  25:20  Drone  
  130  25:30  Drone x3  
  130  25:33  Spore Crawler  
  132  25:37  Extractor x2  
  132  25:39  Drone x3  
  132  25:42  Drone x3  
  136  25:43  Drone x3  
  136  25:45  Drone x4  
  136  25:49  Nydus Canal  
  143  25:54  Nydus Canal  
  143  26:05  Corruptor x8  
  143  26:06  Corruptor  
  161  26:34  Nydus Canal  
  161  26:48  Baneling x21  
  161  26:49  Baneling x3  
  161  27:02  Spine Crawler x3, Ultralisk Cavern  
  161  27:04  Spine Crawler x2  
  155  27:27  Nydus Canal, Hatchery, Queen  
  156  27:35  Baneling x6  
  156  27:45  Baneling x6  
  156  28:13  Overlord  
  156  28:14  Overlord x6  
  156  28:21  Evolution Chamber x2  
  155  28:27  Drone x2  
  156  28:45  Nydus Canal  
  151  29:11  Baneling x15  
  151  29:12  Drone x3  
  151  29:13  Drone  
  151  29:14  Drone x4  
  159  29:18  Nydus Canal  
  113  30:16  Nydus Canal  
  113  30:42  Nydus Canal  
Show
View Real Time Build Order
Export as new Build Order

CrushHour Terran 

Build Orders: Liberator Opening 

Get SALT Encoding   

  12  0:00  SCV  
  13  0:13  SCV  
  14  0:17  Supply Depot  
  14  0:25  SCV  
  15  0:39  SCV  
  15  0:41  Barracks  
  16  0:44  Refinery  
  16  0:51  SCV  
  17  1:08  SCV  
  18  1:30  Orbital Command  
  19  1:42  Reaper  
  19  1:56  SCV  
  20  2:05  Supply Depot  
  20  2:10  Barracks  
  20  2:11  Factory  
  20  2:22  SCV  
  21  2:24  Marine  
  22  2:34  SCV  
  23  2:46  SCV, Marine  
  25  2:59  SCV  
  26  3:07  Marine x2  
  26  3:08  Hellion  
  30  3:13  SCV  
  30  3:18  Refinery  
  31  3:21  Starport  
  31  3:40  Marine  
  31  3:42  Marine  
  29  3:52  SCV  
  28  3:55  Factory Tech Lab  
  28  3:58  Liberator  
  31  4:09  Supply Depot  
  31  4:10  Supply Depot  
  31  4:20  Barracks Tech Lab  
  31  4:22  SCV  
  30  4:25  Command Center  
  30  4:28  Barracks Reactor  
  26  4:34  SCV  
  25  4:46  SCV  
  25  4:51  Siege Tank  
  29  4:58  SCV  
  27  5:10  SCV  
  27  5:12  Marine x2  
  27  5:13  Marauder  
  28  5:22  SCV  
  29  5:34  SCV  
  27  5:38  Bunker  
  24  5:47  SCV  
  22  6:01  SCV  
  22  6:02  Siege Tank  
  24  6:13  SCV  
  25  6:25  SCV  
  24  6:37  SCV  
  25  6:48  Command Center  
  25  6:49  SCV  
  25  6:51  Engineering Bay  
  26  7:01  SCV  
  27  7:13  SCV  
  28  7:16  Marauder, Marine x2  
  28  7:22  Missile Turret  
  32  7:25  SCV  
  33  7:31  Starport Reactor  
  33  7:38  SCV, Stimpack  
  34  8:05  Marauder, Marine x2  
  38  8:12  SCV  
  39  8:15  Siege Tank  
  39  8:17  Medivac x2  
  46  8:22  Barracks  
  46  8:28  Marine x2  
  46  8:29  Marine  
  49  8:36  Orbital Command  
  49  8:39  SCV  
  50  9:10  Barracks Reactor  
  50  9:13  Starport  
  50  9:16  Armory, Marine x2  
  52  9:17  SCV  
  52  9:18  SCV  
  54  9:29  SCV  
  55  9:44  SCV x2  
  57  9:56  SCV  
  52  10:13  Starport Reactor  
  42  10:22  SCV x2  
  42  10:25  Refinery x2  
  44  10:28  Factory  
  44  10:30  Marine x5  
  44  10:34  SCV x2  
  48  10:46  SCV x2  
  48  10:47  Thor  
  48  10:49  Viking x2  
  60  10:58  SCV  
  60  10:59  Missile Turret  
  60  11:00  Missile Turret x2  
  60  11:02  Marine  
  62  11:10  Supply Depot  
  62  11:13  Factory Tech Lab  
  62  11:14  Supply Depot  
  62  11:17  Supply Depot  
  62  11:25  Combat Shield  
  62  11:29  Terran Infantry Weapons Level 1  
  62  11:31  Marine x3  
  62  11:32  Terran Vehicle Weapons Level 1  
  65  11:40  Engineering Bay  
  65  12:05  Marine x2  
  65  12:06  Marine x2  
  69  12:10  Command Center  
  67  12:35  Medivac x2  
  69  12:41  Thor  
  69  12:43  SCV x2  
  77  12:44  Concussive Shells, Missile Turret  
  77  12:45  Missile Turret  
  77  12:46  Missile Turret  
  77  12:48  Viking  
  79  12:55  SCV, Terran Infantry Armor Level 1  
  80  13:20  Refinery, Marine x3  
  80  13:22  Refinery, Missile Turret  
  77  14:14  Missile Turret  
  77  14:15  Missile Turret  
  77  14:16  Viking  
  77  14:17  Viking  
  77  14:18  Thor x2  
  89  14:26  Fusion Core  
  89  14:30  Starport  
  89  14:36  Starport  
  79  15:34  Starport Tech Lab  
  79  15:35  Starport Tech Lab  
  79  15:36  Viking x2  
  79  15:37  Viking  
  79  15:38  Marine  
  86  15:52  Viking, Marine x2  
  86  15:53  SCV  
  91  16:09  Thor  
  97  16:25  Command Center  
  97  16:48  Marine x3  
  97  16:53  Supply Depot  
  100  16:54  Viking  
  100  16:59  Siege Tank  
  108  17:08  Siege Tank  
  58  17:52  Viking x4  
  63  17:58  Orbital Command  
  53  18:24  Planetary Fortress  
  53  18:41  SCV x2  
  55  18:53  SCV x2  
  55  19:20  Marine x4  
  59  19:29  Marauder  
  61  19:33  SCV x3  
  61  19:36  Command Center  
  64  19:45  SCV x2  
  64  19:46  Marine x2  
  68  20:05  SCV x3  
  71  20:14  Missile Turret  
  71  20:17  SCV  
  72  20:24  SCV x2  
  74  20:29  SCV  
  75  20:36  SCV  
  76  21:13  Medivac x4  
  84  21:23  Marine  
  84  21:24  Marauder, Marine x3  
  90  21:25  Siege Tank  
  90  21:28  Battlecruiser  
  99  22:21  Viking x2  
  99  22:22  Marine x3  
  110  22:23  Marauder, Marine  
  110  22:25  Liberator  
  110  22:26  Liberator  
  116  22:44  SCV x3  
  116  22:47  Orbital Command  
  118  22:56  SCV x2, Refinery  
  120  23:02  Marine x3  
  123  23:18  SCV x4  
  127  23:25  Refinery  
  127  23:26  Refinery  
  127  23:30  SCV x4  
  128  23:42  SCV x4  
  131  23:54  SCV x3  
  114  24:44  Command Center  
  114  24:47  Marauder, Marine x4  
  114  24:48  Viking x3  
  121  25:10  Marauder, Marine x4  
  127  25:18  Fusion Core  
  127  25:28  Thor  
  133  25:50  Command Center  
  133  25:55  Thor  
  129  26:21  Orbital Command  
  121  26:27  Refinery  
  117  26:34  Marine x2  
  117  26:35  Marauder  
  117  26:39  Refinery  
  121  26:52  Marine  
  122  26:57  Supply Depot  
  122  26:58  Supply Depot  
  122  26:59  Supply Depot  
  122  27:04  Viking, Battlecruiser  
  122  27:08  Marine x2  
  130  27:13  Barracks  
  130  27:14  Barracks  
  132  27:18  Marine  
  132  27:21  Starport  
  133  27:29  Marine x2  
  130  27:48  SCV  
  130  27:50  Planetary Fortress  
  131  27:53  Refinery  
  131  27:55  Refinery  
  131  27:59  Siege Tank  
  131  28:00  SCV  
  135  28:09  Barracks Tech Lab  
  135  28:10  Barracks Reactor  
  135  28:12  SCV  
  136  28:24  SCV  
  137  28:28  Viking  
  137  28:29  Viking  
  137  28:30  Marauder  
  149  28:34  Hellion x2  
  149  28:36  SCV  
  150  28:43  SCV x2  
  150  28:44  SCV  
  154  28:48  SCV  
  153  28:55  SCV  
  58  30:00  Marauder  
  58  30:01  Battlecruiser  
  58  30:02  Viking x2  
  51  30:16  SCV  
  52  30:21  Barracks Reactor, Barracks Tech Lab  
  52  30:22  Marauder, Siege Tank  
  52  30:23  Factory Tech Lab  
  52  30:28  SCV  
  56  30:40  SCV  
  48  30:44  Marauder, Marine  
  47  30:52  SCV  
  47  31:10  Barracks Tech Lab  
  51  31:11  Barracks  
Tags
 
Add a new tag
Caveats
  • Supply blocks, unpowered buildings, or Contaminate may cause inaccurate times.
  • Supply counts are checked every 10 seconds.